 Dungeon Crawl Stone Soup version 0.23.2-33-g5129a83184 (webtiles) character file.

Game seed: 6045901727818603885

25 Folque the Charmwright (level 2, -2/24 HPs)
             Began as a Centaur Skald on July 8, 2019.
             Slain by Sigmund
             ... wielding a +0 scythe
              (9 damage)
             ... on level 2 of the Dungeon.
             The game lasted 00:02:05 (984 turns).

Folque the Charmwright (Centaur Skald)               Turns: 984, Time: 00:02:05

Health: -2/24      AC: 11    Str: 10 (13) XL:     2   Next: 82%
Magic:  1/4        EV:  9    Int:  9 (12) God:
Gold:   22         SH:  0    Dex:  6 (8)  Spells: 3/4 levels left

rFire    . . .     SeeInvis .   i - +2 dagger (protect)
rCold    . . .     Gourm    .   (no shield)
rNeg     . . .     Faith    .   b - +0 leather armour
rPois    .         Spirit   .   (no helmet)
rElec    .         Reflect  .   (no cloak)
rCorr    .         Harm     .   (no gloves)
MR       .....                  (no barding)
Stlth    ..........             (no amulet)
HPRegen  0.08/turn              (no ring)
MPRegen  0.09/turn              (no ring)

@: confused, protection aura, very quick
A: large, hooves 3, deformed body, speed 2, tough skin 3
a: no special abilities


You were on level 2 of the Dungeon.
You were not hungry.

You visited 1 branch of the dungeon, and saw 2 of its levels.

You collected 22 gold pieces.

Inventory:

Hand Weapons
 a - a +0 falchion
 i - a +2 dagger of protection (weapon)
Armour
 b - a +0 leather armour (worn)
Scrolls
 g - 2 scrolls of identify {unknown}
 h - a scroll of amnesia {unknown}
 j - a scroll of immolation {unknown}
Comestibles
 c - a chunk of flesh
 d - 3 rations


   Skills:
 - Level 2.0 Fighting
 * Level 2.3 Long Blades
 - Level 0.6 Armour
 - Level 1.3 Dodging
 + Level 1.8 Spellcasting
 * Level 3.1 Charms


You had 3 spell levels left.
You knew the following spells:

 Your Spells              Type           Power        Failure   Level  Hunger
a - Infusion              Chrm           #...         13%         1    ##.....

Your spell library contained the following spells:

 Spells                   Type           Power        Failure   Level  Hunger
 Song of Slaying          Chrm           #.......     19%         2    ###....
 Shroud of Golubria       Chrm/Tloc      #.........   36%         2    ###....
 Regeneration             Chrm/Necr      #.........   58%         3    ####...
 Spectral Weapon          Hex/Chrm       #.......     58%         3    ####...


Dungeon Overview and Level Annotations

Branches:
Dungeon (2/15)

Altars:
Hepliaklqana

Annotations:
D:2 Sigmund


Innate Abilities, Weirdness & Mutations

You have hooves in place of feet.
Armour fits poorly on your strangely shaped body.
You cover ground very quickly.
You have extremely tough skin. (AC +3)


Message History

Deactivating autopickup; reactivate with Ctrl-A.
Something hits you.
You barely miss something.
You are no longer magically infusing your attacks.
The bat closely misses you.
You miss something. The bat barely misses you.
You hear some strange, mumbled words.
You are more confused.
You closely miss something. The bat barely misses you. Something hits you.
You barely miss the bat. Your kick misses the bat.
The bat is heavily wounded.
The bat hits you but does no damage. Something hits you!
* * * LOW HITPOINT WARNING * * *
You hit something.
Your weapon exudes an aura of protection.
The bat closely misses you.
You aren't carrying any potions.
That item cannot be evoked!
You're too confused to move!
The bat barely misses you. Something hits you!
You die...

........#....#...#
###..........#...#
.................#
...............#.#####?
.......................
...........#.#..######
......_.b....#.....#
.........{.#.#...#<#
###......@.#.#.#.#........
#..#.........#......###.
#.. #.###..#..###....# ...
#.. #..##.# #...... .. #.#
##.##.# ##...### . .. ..
.# ...# .## ... #### .##.
.#


You could see a bat.

Vanquished Creatures
  2 dart slugs (D:1)
  2 giant cockroaches (D:1)
  4 goblins (D:1)
  2 hobgoblins (D:1)
  2 jackals (D:1)
  2 frilled lizards (D:1)
  4 kobolds (D:1)
  2 rats (D:1)
20 creatures vanquished.

Notes
Turn   | Place    | Note
-------+----------+-------------------------------------------
     0 | D:1      | Folque the Centaur Skald began the quest for the Orb.
     0 | D:1      | Reached XP level 1. HP: 17/17 MP: 3/3
   117 | D:1      | Reached XP level 2. HP: 19/24 MP: 4/4
   124 | D:1      | Reached skill level 3 in Charms
   948 | D:2      | Noticed Sigmund
   949 | D:2      | Found a hazy altar of Hepliaklqana.
   984 | D:2      | Slain by Sigmund

Skill      XL: |  1  2 |
---------------+-------+-----
Long Blades    | 2 |  2.3
Charms         | 3 |  3.1
Fighting       | |  2.0
Armour         | |  0.6
Dodging        | |  1.3
Spellcasting   | |  1.8

Action                   || total
-------------------------++-------
Melee: Falchion          ||    23
       Kick              ||    12
       Dagger            ||    39
 Cast: Infusion          ||     3
  Use: Potion            ||     2
Armor: Leather armour    ||    28
Dodge: Dodged            ||    41
       Rpst.: Falchion   ||     2
